 Dungeon Crawl Stone Soup version 0.26.1 (webtiles) character file.

Game seed: 6810860432478687535

380 DasRunzen the Conjurer (level 6, -1/50 HPs)
             Began as a Demigod Conjurer on Feb 5, 2021.
             Slain by an ogre
             ... wielding a +0 giant spiked club
              (22 damage)
             ... on level 4 of the Dungeon.
             The game lasted 00:08:01 (3427 turns).

DasRunzen the Conjurer (Demigod Conjurer)           Turns: 3427, Time: 00:08:01

Health: -1/50      AC:  6    Str: 14    XL:     6   Next: 21%
Magic:  8/13       EV: 13    Int: 22    God:
Gold:   230        SH:  0    Dex: 14    Spells: 8/11 levels left

rFire    x . .     SeeInvis .   j - +0 war axe
rCold    + . .     Faith    .   (no shield)
rNeg     . . .     Spirit   .   a - +0 robe
rPois    .         Reflect  .   g - +2 helmet
rElec    .         Harm     .   (no cloak)
rCorr    .         Rampage  .   (no gloves)
Will     +....                  p - +0 pair of boots
Stlth    ++........             (no amulet)
HPRegen  0.16/turn              c - ring of ice
MPRegen  0.13/turn              m - ring of willpower

@: no status effects
A: high mp 1
a: no special abilities


You were on level 4 of the Dungeon.
You visited 1 branch of the dungeon, and saw 4 of its levels.

You collected 230 gold pieces.

Inventory:

Hand Weapons
 j - a +0 war axe (weapon)
Armour
 a - a +0 robe (worn)
 g - a +2 helmet (worn)
 p - a +0 pair of boots (worn)
Jewellery
 c - a ring of ice (left hand)
 m - a ring of willpower (right hand)
Scrolls
 h - 2 scrolls of remove curse
 n - a scroll of teleportation {unknown}
Potions
 b - 2 potions of brilliance
 d - 2 potions of curing
 e - 2 potions of might {unknown}
 f - a potion of resistance {unknown}
 i - a potion of attraction {unknown}
 k - a potion of flight {unknown}
 l - a potion of invisibility {unknown}
 o - 2 potions of magic {unknown}


   Skills:
 + Level 2.4 Fighting
 + Level 2.3 Armour
 + Level 3.2 Dodging
 - Level 1.7 Stealth
 + Level 3.0 Spellcasting
 + Level 4.5 Conjurations


You had 8 spell levels left.
You knew the following spells:

 Your Spells              Type           Power        Failure   Level
a - Magic Dart            Conj           92%          1%          1
b - Searing Ray           Conj           46%          3%          2

Your spell library contained the following spells:

 Spells                   Type           Power        Failure   Level
 Dazzling Flash           Conj/Hex       26%          14%         3
 Fulminant Prism          Conj/Hex       6%           43%         4
 Iskenderun's Mystic Bla  Conj/Tloc      13%          43%         4


Dungeon Overview and Level Annotations

Branches:
Dungeon (4/15)
 Temple: D:4-7


Innate Abilities, Weirdness & Mutations

You have an increased reservoir of magic. (+10% MP)


Message History

Confirm with . or Enter, or press ? or * to list all spells.
Aiming: Searing Ray (safe; 3% risk of failure)
Press: ? - help, Shift-Dir - straight line, f - ogre
Aim: an ogre, wielding a +0 giant spiked club (11% to evade)
The searing ray misses the frilled lizard.
The searing ray hits the ogre!
The ogre is moderately wounded. (Press . to maintain the ray.)
The frilled lizard bites you but does no damage.
The searing ray misses the frilled lizard.
The searing ray misses the ogre.
The frilled lizard barely misses you.
The searing ray hits the ogre!
The ogre is severely wounded.
The frilled lizard barely misses you.
The ogre hits you with a +0 giant spiked club!!
The searing ray hits the ogre.
The ogre is severely wounded.
You finish channeling your searing ray.
The frilled lizard closely misses you.
The ogre hits you with a +0 giant spiked club!!
You die...

..######......#
..............#
..............#
..............#
..............#
..............#
.......†......#
####+##Ol...#+##
#.....#.@...'...
#<....#..†..#...
#.....+.....# ..
#######...##.....#####+####
#....##...#................
#.........#$.......$.......
#.........#................
#.........#................
#....######...........?....


You could see an ogre and a frilled lizard.

Vanquished Creatures
  An ogre (D:4)
  A scorpion (D:3)
  A hound (D:4)
  An orc priest (D:3)
  An orc wizard (D:3)
  Jessica (D:2)
  3 adders
  2 oozes
  4 worms (D:2)
  2 dart slugs (D:4)
  3 leopard geckos
  6 orcs (D:3)
  6 bats
  5 giant cockroaches
  8 goblins
  8 hobgoblins
  A jackal (D:2)
  A quokka (D:2)
  3 frilled lizards
  10 kobolds
  5 rats
73 creatures vanquished.

Notes
Turn   | Place    | Note
-------+----------+-------------------------------------------
     0 | D:1      | DasRunzen the Demigod Conjurer began the quest for the Orb.
     0 | D:1      | Reached XP level 1. HP: 14/14 MP: 5/5
   308 | D:1      | Reached XP level 2. HP: 22/22 MP: 5/7
   312 | D:1      | Learned a level 2 spell: Searing Ray
   987 | D:2      | Reached skill level 1 in Armour
   987 | D:2      | Reached XP level 3. HP: 22/27 MP: 1/8
  1124 | D:2      | Reached skill level 1 in Fighting
  1231 | D:2      | Noticed Jessica
  1232 | D:2      | Killed Jessica
  1233 | D:2      | Reached skill level 4 in Conjurations
  1557 | D:2      | Reached XP level 4. HP: 35/35 MP: 5/10
  2592 | D:3      | Reached XP level 5. HP: 33/41 MP: 2/11
  3307 | D:4      | Noticed an ogre
  3314 | D:4      | Killed an ogre
  3315 | D:4      | Reached XP level 6. HP: 48/48 MP: 5/13
  3427 | D:4      | Slain by an ogre

Illustrated notes

Levels and vault maps discovered:
D:1:      minmay_arrival_open_corners, layout_rooms
D:2:      kb_forest_paths, layout_loops_ring, minmay_heptomino_h4, uniq_jessica
D:3:      layout_basic
D:4:      layout_gridville, uniq_crazy_yiuf_cottage

Skill      XL: |  1  2  3  4  5  6 |
---------------+-------------------+-----
Dodging        | 2 3 |  3.2
Spellcasting   | 2 3 |  3.0
Armour         | 1 2 |  2.3
Fighting       | 1 2 |  2.4
Conjurations   | 4 |  4.5
Stealth        | |  1.7

Action                   |  1- 3 |  4- 6 || total
-------------------------+-------+-------++-------
Melee: Unarmed           |     1 |       ||     1
       Club              |    17 |    34 ||    51
       War axe           |       |    86 ||    86
 Cast: Magic Dart        |    55 |    12 ||    67
       Searing Ray       |     6 |    10 ||    16
  Use: Scroll            |     2 |     4 ||     6
 Stab: Sleeping          |       |     2 ||     2
Armor: Robe              |    11 |    45 ||    56
Dodge: Dodged            |    13 |   125 ||   138
